 Dungeon Crawl Stone Soup version 0.25-a0-860-gf695395b5c (webtiles) character file.

Game seed: 8243091174525054259, levelgen mode: deterministic

64 MisterFreud the Skirmisher (level 3, -3/18 HPs)
             Began as a Felid Ice Elementalist on Apr 27, 2020.
             Killed from afar by a white imp (11 damage)
             ... with a puff of frost
             ... summoned by Natasha
             ... on level 3 of the Dungeon.
             The game lasted 00:13:10 (4397 turns).

MisterFreud the Skirmisher (Felid Ice Elementalist) Turns: 4397, Time: 00:13:10

Health: -3/18      AC:  1    Str:  5    XL:     3   Next: 91%
Magic:  1/7        EV: 18    Int: 16    God:
Gold:   198        SH:  0    Dex: 16    Spells: 2/6 levels left
                                        Lives:  0   Deaths: 1

rFire    . . .     SeeInvis +     - Unarmed
rCold    . . .     Gourm    .   (shield unavailable)
rNeg     . . .     Faith    .   (armour unavailable)
rPois    .         Spirit   .   (helmet unavailable)
rElec    .         Reflect  .   (cloak unavailable)
rCorr    +         Harm     .   (gloves unavailable)
MR       +....                  (boots unavailable)
Stlth    +++.......             (no amulet)
HPRegen  0.06/turn              l - ring of resist corrosion
MPRegen  0.10/turn              m - ring of protection from magic

@: frozen ramparts, very slightly contaminated, quick
A: very small, no armour, no weapons or thrown items, stealth, claws 1, fangs 3,
see invisible, carnivore, speed 1, shaggy fur 1, slow metabolism 1, sharp paws
a: no special abilities


You were on level 3 of the Dungeon.
You were not hungry.

You visited 1 branch of the dungeon, and saw 4 of its levels.

You collected 198 gold pieces.

Inventory:

Jewellery
 c - an uncursed ring of fire
 l - a ring of resist corrosion (left paw)
 m - a ring of protection from magic (right paw)
Scrolls
 d - a scroll of identify {unknown}
 e - a scroll of remove curse {unknown}
 g - a scroll of noise {unknown}
 j - a scroll of magic mapping {unknown}
 k - a scroll of enchant weapon {unknown}
Potions
 a - a potion of brilliance {unknown}
 f - 2 potions of curing {unknown}
 h - a potion of berserk rage {unknown}
 i - a potion of mutation {unknown}
Comestibles
 b - 5 rations


   Skills:
 - Level 4.0 Fighting
 + Level 3.2 Dodging
 + Level 3.3 Stealth
 + Level 1.0 Unarmed Combat
 - Level 2.0 Spellcasting
 - Level 3.6 Ice Magic


You had 2 spell levels left.
You knew the following spells:

 Your Spells              Type           Power        Failure   Level  Hunger
a - Freeze                Ice            ##..         4%          1    #......
b - Frozen Ramparts       Ice            ##....       14%         3    ###....

Your spell library contained the following spells:

 Spells                   Type           Power        Failure   Level  Hunger
 Ozocubu's Armour         Chrm/Ice       #.......     30%         3    ###....
 Hailstorm                Conj/Ice       #.......     69%         4    #####..
 Summon Ice Beast         Ice/Summ       #.......     69%         4    #####..


Dungeon Overview and Level Annotations

Branches:
Dungeon (4/15)
 Temple: D:4-7

Altars:

Annotations:
D:3 Natasha, Sigmund


Innate Abilities, Weirdness & Mutations

You cannot wear armour.
You are incapable of wielding weapons or throwing items.
Your paws allow you to move quietly. (Stealth)
You have sharp claws.
You have razor-sharp teeth.
You have supernaturally acute eyesight. (SInv)
You are carnivorous and can eat meat at any time.
You cover ground quickly.
You are covered in fur. (AC +1)
You have a slow metabolism.
Your sharp claws are effective at attacking unaware monsters.


Message History

You are too injured to fight recklessly!
Casting: Frozen Ramparts (mildly dangerous; 14% risk of failure)
Confirm with . or Enter, or press ? or * to list all spells.
You miscast Frozen Ramparts.
You are very lightly contaminated with residual magic.
Nothing appears to happen.
Natasha mumbles some strange words.
Unknown command.
Casting: Frozen Ramparts (mildly dangerous; 14% risk of failure)
Confirm with . or Enter, or press ? or * to list all spells.
The walls around you are covered in ice.
The wall freezes Natasha. x2
Natasha extends her claws.
Natasha drinks a potion.
Natasha seems to grow stronger.
The white imp completely resists.
The wall freezes the white imp but do no damage.
The white imp gestures at you. The puff of frost hits you!
Ouch! That really hurt!
You die...

..# ..####### ?#
......... ..
##.####.##### ..
............# .#
###.###.#..## .# #
#.###.#..# .#
###..##....######.#.#
...........÷....@...#
..÷.....#>.######.###
.................5h.
####....#..######.###
# ##...#..# .# #
#...#.## .# # #)..#.#
.# # #.#.#.# .# #
#.#.#.#


You could see Natasha and a white imp.

Vanquished Creatures
  Natasha (twice) (D:3)
  2 gnolls
  An ooze (D:2)
  3 dart slugs
  A leopard gecko (D:2)
  3 orcs
  A giant cockroach (D:3)
  4 goblins
  4 hobgoblins
  7 jackals
  5 kobolds
  2 quokkas (D:3)
  A ball python (D:1)
  5 bats
  4 frilled lizards
  5 rats
50 creatures vanquished.

Notes
Turn   | Place    | Note
-------+----------+-------------------------------------------
     0 | D:1      | MisterFreud the Felid Ice Elementalist began the quest for
                  | the Orb.
     0 | D:1      | Reached XP level 1. HP: 7/7 MP: 4/4
   214 | D:1      | Reached skill level 1 in Fighting
   531 | D:1      | Reached XP level 2. HP: 13/13 MP: 6/6
   582 | D:1      | Reached skill level 2 in Fighting
  1644 | D:1      | Reached XP level 3. HP: 2/16 MP: 1/7
  1924 | D:1      | Reached skill level 3 in Fighting
  2387 | D:2      | Learned a level 3 spell: Frozen Ramparts
  3589 | D:3      | Reached XP level 4. HP: 15/22 MP: 3/8
  3982 | D:3      | Noticed Natasha
  4073 | D:3      | Killed Natasha
  4073 | D:3      | Reached skill level 4 in Fighting
  4080 | D:3      | Noticed Sigmund
  4259 | D:3      | Noticed Natasha
  4266 | D:3      | Killed Natasha
  4266 | D:3      | Reached skill level 1 in Unarmed Combat
  4369 | D:3      | Slain by Sigmund
  4370 | D:3      | Reached XP level 3. HP: -2/18 MP: 4/7
  4394 | D:3      | Noticed Natasha
  4397 | D:3      | Killed from afar by a white imp

Levels and vault maps discovered:
D:1:      lightli_arrival_statuegarden, layout_basic
D:2:      layout_loops_ring
D:3:      layout_basic, uniq_natasha, uniq_sigmund
D:4:      layout_gridville, minmay_temple_entry_statues_pillars, first_ration,
          skrybe_limestone_x

Skill      XL: |  1  2  3  4 |
---------------+-------------+-----
Fighting       | 1 2 3 4 |  4.0
Stealth        | 3 |  3.3
Dodging        | 3 |  3.2
Unarmed Combat | 1 |  1.0
Spellcasting   | |  2.0
Ice Magic      | |  3.6

Action                   |  1- 3 |  4- 6 || total
-------------------------+-------+-------++-------
Melee: Unarmed           |    75 |    18 ||    93
       Bite              |     4 |     1 ||     5
 Cast: Freeze            |    41 |    10 ||    51
       Frozen Ramparts   |     4 |     4 ||     8
 Stab: Sleeping          |     8 |     2 ||    10
  Eat: Chunk             |    15 |     3 ||    18
Armor: Skin              |    10 |     1 ||    11
Dodge: Dodged            |    81 |    50 ||   131

Table legend:
 A = Non-vault XP
 B = Vault XP
 C = Vault XP percentage of total XP
 D = Non-vault monster count
 E = Vault monster count
 F = Vault count percentage of total count
                 A         B        C        D         E       F
            +---------+---------+-------+---------+---------+-------
      Total |     153 |      35 |  18.6 |      49 |       1 |   2.0
            +---------+---------+-------+---------+---------+-------
        D:1 |      50 |       0 |   0.0 |      20 |       0 |   0.0
        D:2 |      37 |       0 |   0.0 |      18 |       0 |   0.0
        D:3 |      66 |      35 |  34.7 |      11 |       1 |   8.3
            +---------+---------+-------+---------+---------+-------
